 Dungeon Crawl Stone Soup version 0.31.0-11-ge490571c62 (webtiles) character file.

Game seed: 17931313277794586276

319 qw the Shooter (level 6, -7/30 HPs)
             Began as a Spriggan Hunter on Feb 3, 2024.
             Was an Initiate of Okawaru.
             Killed by divine providence
             ... invoked by an orc priest
              (15 damage)
             ... on level 4 of the Dungeon.
             The game lasted 00:00:11 (2811 turns).

qw the Shooter (Spriggan Hunter)                    Turns: 2811, Time: 00:00:11

Health: -7/30      AC:  6    Str:  7    XL:     6   Next: 21%
Magic:  7/7        EV: 21    Int: 11    God:    Okawaru [......]
Gold:   227        SH:  0    Dex: 20    Spells: 5/5 levels left

rFire   . . .        a - +0 shortbow (elec)
rCold   . . .        (shield currently unavailable)
rNeg    . . .        c - +0 robe
rPois   .            (helmet restricted)
rElec   .            (no cloak)
rCorr   .            (gloves unavailable)
SInv    +            (boots unavailable)
Will    +....        (no amulet)
Stlth   ++           i - +4 ring of protection
HPRegen 0.25/turn    (no ring)
MPRegen 0.10/turn

%: no passive effects
@: lethally poisoned (-7 -> -14), very quick
A: very small, no large weapons, unfitting armour, see invisible, speed 3,
screaming 1, inability to read after injury 1
a: Renounce Religion


You were on level 4 of the Dungeon.
You worshipped Okawaru.
Okawaru was noncommittal.
You visited 1 branch of the dungeon, and saw 4 of its levels.

You collected 227 gold pieces.


Innate Abilities, Weirdness & Mutations

You are very small and have problems with some larger weapons.
You are too small for most types of armour.
You have supernaturally acute eyesight. (SInv)
You cover ground extremely quickly. (Speed+++)
You occasionally shout uncontrollably at your foes.
You occasionally lose the ability to read scrolls when taking damage.


   Skills:
 - Level 2.0 Fighting
 - Level 6.1 Ranged Weapons
 + Level 5.9 Dodging
 - Level 1.5 Stealth


You had 5 spell levels left.
You didn't know any spells.
Your spell library was empty.

Inventory:

Hand Weapons
 a - a +0 shortbow of electrocution (weapon)
Armour
 c - a +0 robe (worn)
Jewellery
 i - a +4 ring of protection (left hand)
Potions
 b - a potion of curing
 d - a potion of might
 g - a potion of enlightenment {unknown}
 h - a potion of heal wounds
 l - a potion of haste {unknown}

Dungeon Overview and Level Annotations

Branches:
Dungeon (4/15)             Temple (0/1) D:4

Altars:
Okawaru


Message History

Okawaru accepts your kill.
You shoot an arrow. The arrow hits the scorpion.
The scorpion is almost dead.
The scorpion stings you.
You are poisoned.
The scorpion poisons you!
The orc wizard points at you and mumbles some strange words.
The magic dart hits you!
A goblin comes into view. It is wielding a +0 dagger.
You shoot an arrow. The arrow closely misses the scorpion.
The arrow hits the orc priest.
The orc priest is almost dead.
You feel sick. The scorpion closely misses you.
You shoot an arrow. The arrow hits the scorpion.
The scorpion is almost dead.
You feel sick.
The scorpion stings you but does no damage.
A goblin comes into view. It is wielding a +0 club.
The orc priest invokes the aid of Beogh against you.
You resist with significant effort.
A goblin comes into view. It is wielding a +0 club.
You shoot an arrow.
The arrow completely misses the scorpion.
The goblin shouts!
The arrow hits the goblin.
The goblin is heavily wounded.
You feel sick. The scorpion stings you.
You are more poisoned.
The scorpion poisons you!
The orc priest invokes the aid of Beogh against you.
The orc wizard writhes in agony!
The scorpion stings you.
You shoot an arrow. The arrow hits the scorpion.
Lightning courses through the scorpion!
You kill the scorpion!
Okawaru accepts your kill.
You feel sick. The orc wizard closely misses you.
The orc priest calls down the wrath of Beogh upon you.
Beogh smites you!
Ouch! That really hurt!
You die...

..#...........#.#........
.......##....#...#....
.......##.......## ...
.......#......### ..
#............#.# .
#..#............
.................
............#.....
.......#.@###....)
......[#.o%# ....)
......##.)ogg .# ......
##.#.... ..... ..#..g...
......... ... ..... ##..
....#


You could see an orc priest, an orc wizard (invisible) and 3 goblins.

Vanquished Creatures
  An ogre (D:3)
  2 scorpions (D:4)
  5 adders
  A gnoll (D:1)
  5 dart slugs
  A ribbon worm (D:2)
  6 orcs
  9 ball pythons
  11 endoplasms
  4 giant cockroaches
  9 goblins
  11 hobgoblins
  7 quokkas
  5 bats
  2 frilled lizards (D:1)
  8 kobolds
  9 rats
96 creatures vanquished.

Notes
Turn   | Place    | Note
-------+----------+-------------------------------------------
     0 | D:1      | qw the Spriggan Hunter began the quest for the Orb.
     0 | D:1      | Reached XP level 1. HP: 10/10 MP: 2/2
     0 | D:1      | 0 ||| qw: Version: 0.3-a-157-g843a77d
     0 | D:1      | 0 ||| qw: Game counter: 3656
     0 | D:1      | 0 ||| qw: Melee chars always use a shield: true
     0 | D:1      | 0 ||| qw: God list: Okawaru
     0 | D:1      | 0 ||| qw: Allow faded altars: false
     0 | D:1      | 0 ||| qw: Do Orc after clearing Dungeon:15 true
     0 | D:1      | 0 ||| qw: Do second Lair branch before Depths: true
     0 | D:1      | 0 ||| qw: Lair rune preference: random
     0 | D:1      | 0 ||| qw: Goals: Normal
     0 | D:1      | 0 ||| PLANNING D:1-11
    27 | D:1      | Reached skill level 3 in Dodging
   101 | D:1      | Reached XP level 2. HP: 14/14 MP: 3/3
   524 | D:1      | Reached XP level 3. HP: 18/18 MP: 4/4
   741 | D:1      | 741 ||| READING scroll labelled PIULIUD TOAPTA.
   842 | D:1      | 842 ||| READING 2 scrolls labelled ISTRUM VOSSUNO.
   842 | D:1      | 842 ||| IDENTIFYING fuming emerald potion
   843 | D:1      | 843 ||| READING scroll of identify.
   843 | D:1      | 843 ||| IDENTIFYING fizzy red potion
   844 | D:1      | 844 ||| DRINKING 2 fizzy emerald potions.
   844 | D:1      | Gained mutation: You are occasionally teleported next to
                  | monsters. [potion of mutation]
   844 | D:1      | Gained mutation: Your flesh is cold resistant. (rC+)
                  | [potion of mutation]
   844 | D:1      | Gained mutation: You occasionally lose the ability to read
                  | scrolls when taking damage. [potion of mutation]
   844 | D:1      | Gained mutation: A frigid envelope surrounds you and
                  | freezes all who hurt you. [potion of mutation]
   845 | D:1      | 845 ||| DRINKING potion of mutation.
   845 | D:1      | Lost mutation: Your flesh is cold resistant. (rC+) [potion
                  | of mutation]
   845 | D:1      | Lost mutation: A frigid envelope surrounds you and freezes
                  | all who hurt you. [potion of mutation]
   845 | D:1      | Lost mutation: You are occasionally teleported next to
                  | monsters. [potion of mutation]
   845 | D:1      | Gained mutation: You occasionally shout uncontrollably at
                  | your foes. [potion of mutation]
   846 | D:1      | 846 ||| DROPPING scroll of butterflies.
   847 | D:1      | 847 ||| DROPPING potion of invisibility.
   916 | D:2      | Reached skill level 5 in Ranged Weapons
   926 | D:2      | Reached XP level 4. HP: 22/22 MP: 5/5
  1423 | D:2      | HP: 5/22 [frozen (1)]
  1616 | D:2      | 1616 ||| UPGRADING to +4 ring of protection.
  1617 | D:2      | 1617 ||| READING 2 scrolls of identify.
  1617 | D:2      | 1617 ||| IDENTIFYING amethyst potion
  1618 | D:2      | 1618 ||| READING scroll of identify.
  1618 | D:2      | 1618 ||| IDENTIFYING white potion
  1619 | D:2      | 1619 ||| READING scroll labelled QATEHY OREG.
  1619 | D:2      | 1619 ||| BRANDING +0 shortbow.
  1620 | D:2      | 1620 ||| READING scroll labelled TILEADAEHE.
  1621 | D:2      | 1621 ||| DRINKING 2 clear potions.
  1622 | D:2      | 1622 ||| DROPPING potion of lignification.
  2063 | D:3      | Found an iron altar of Okawaru.
  2064 | D:3      | 2064 ||| PLANNING OKAWARU WORSHIP
  2064 | D:3      | 2064 ||| READING scroll labelled XEBISI NIHIRAR.
  2065 | D:3      | 2065 ||| READING scroll labelled GEEGOL MOICRAST.
  2074 | D:3      | Became a worshipper of Warmaster Okawaru
  2075 | D:3      | 2075 ||| PLANNING D:1-11
  2089 | D:3      | Reached XP level 5. HP: 26/26 MP: 6/6
  2561 | D:3      | 2561 ||| READING scroll labelled MEAVAA XASHA.
  2562 | D:3      | 2562 ||| READING scroll labelled LOHEEDD PECE.
  2611 | D:3      | 2611 ||| READING scroll labelled NAVVYD HEBRA.
  2624 | D:4      | Noticed an ogre
  2626 | D:4      | 2626 ||| STAIRDANCE
  2640 | D:4      | 2640 ||| STAIRDANCE
  2646 | D:3      | Killed an ogre
  2647 | D:3      | Reached skill level 6 in Ranged Weapons
  2704 | D:4      | Found a staircase to the Ecumenical Temple.
  2727 | D:4      | Reached XP level 6. HP: 23/30 MP: 7/7
  2811 | D:4      | Killed from afar by an orc priest

Levels and vault maps discovered:
D:1:      dpeg_arrival_rooms_with_view, layout_loops_ring, minmay_misc_feat_x
D:2:      minmay_chambers_of_twos, layout_loops_cross,
          amcnicky_mini_corridor_feature
D:3:      layout_loops_corners, mainiacjoe_overflow_alcove_1,
          minmay_misc_feat_diagonals, bh_walls_and_bars
D:4:      layout_cave_pools, vehumet_altar_wand_db,
          minmay_temple_entry_statues_fountains, serial_bayou_pond_e,
          kennysheep_nondescript, uniq_sigmund, uniq_blork_the_orc, uniq_robin

Skill      XL: |  1  2  3  4  5 |
---------------+----------------+-----
Dodging        | 3 4 5 |  5.9
Ranged Weapons | 5 6 |  6.1
Fighting       | 2 |  2.0
Stealth        | |  1.5

Action                     |  1- 3 |  4- 6 || total
---------------------------+-------+-------++-------
   Fire: Shortbow          |   105 |   141 ||   246
    Use: Scroll            |     3 |     9 ||    12
         Potion            |     2 |     1 ||     3
 Armour: Robe              |     5 |    20 ||    25
  Dodge: Dodged            |     9 |    61 ||    70

Table legend:
 A = Non-vault XP
 B = Vault XP
 C = Vault XP percentage of total XP
 D = Non-vault monster count
 E = Vault monster count
 F = Vault count percentage of total count
                 A         B        C        D         E       F
            +---------+---------+-------+---------+---------+-------
      Total |     517 |      26 |   4.8 |      84 |      12 |  12.5
            +---------+---------+-------+---------+---------+-------
        D:1 |      66 |       4 |   5.7 |      29 |       2 |   6.5
        D:2 |      71 |      18 |  20.2 |      21 |       8 |  27.6
        D:3 |     195 |       0 |   0.0 |      27 |       0 |   0.0
        D:4 |     185 |       4 |   2.1 |       7 |       2 |  22.2
            +---------+---------+-------+---------+---------+-------
